Map: Heavy Artillery LE

Players

qqq - Winner!

  • Race: Zerg Zerg
  • Spawn Location: 1:00

Massa - Winner!

  • Race: Terran Terran
  • League: Platinum
  • Spawn Location: 3:00

DTempler

  • Race: Protoss Protoss
  • League: Gold
  • Spawn Location: 7:00

Weggal

  • Race: Zerg Zerg
  • League: Silver
  • Spawn Location: 7:00

VOD

Have the link to the VOD?

Description

Time

  • Played on: Oct. 31, 2020, 9:37 a.m.
  • Length: 15:47
Show
View Real Time Build Order
Export as new Build Order

qqq Zerg - Winner!

Build Orders: Hatch First 

Get SALT Encoding   

  12  0:00  Drone  
  13  0:09  Drone  
  14  0:35  Hatchery  
  13  0:38  Drone  
  14  0:56  Spawning Pool  
  13  1:03  Overlord  
  13  1:07  Drone  
  13  1:11  Extractor  
  13  1:14  Drone  
  14  1:25  Drone  
  14  1:26  Drone  
  16  1:38  Drone  
  17  1:49  Queen  
  19  1:54  Queen  
  19  1:58  Drone  
  22  2:06  Drone  
  22  2:07  Drone  
  24  2:14  Overlord  
  24  2:18  Drone  
  24  2:21  Zergling x2  
  26  2:26  Zergling x2  
  26  2:29  Drone  
  28  2:34  Metabolic Boost  
  28  2:38  Zergling x2  
  28  2:42  Zergling x2  
  30  2:44  Zergling x2  
  31  2:52  Overlord  
  31  2:53  Zergling x2  
  31  2:55  Zergling x2  
  33  2:59  Zergling x2  
  33  3:02  Zergling x2  
  35  3:10  Overlord  
  35  3:15  Lair  
  35  3:20  Zergling x2  
  35  3:21  Zergling x2  
  35  3:24  Zergling x2  
  38  3:34  Zergling x2  
  38  3:35  Zergling x2  
  38  3:36  Zergling x4  
  42  3:50  Zergling x6  
  42  3:51  Drone x2  
  42  3:52  Drone  
  48  4:02  Drone x3  
  51  4:05  Drone, Extractor  
  49  4:25  Drone  
  49  4:26  Drone  
  49  4:27  Drone  
  43  4:49  Drone x4  
  43  4:51  Zergling x6  
  42  5:09  Spire  
  42  5:11  Drone x2  
  43  5:14  Extractor  
  43  5:16  Extractor, Drone x2  
  43  5:18  Hatchery  
  42  5:24  Drone  
  43  5:34  Spore Crawler  
  43  5:35  Drone  
  43  5:37  Spore Crawler  
  42  5:43  Drone x2  
  42  5:47  Drone  
  42  5:48  Zergling x4, Overlord  
  47  5:54  Drone  
  48  5:57  Overlord  
  47  6:20  Mutalisk  
  47  6:21  Mutalisk x3  
  47  6:22  Mutalisk x2  
  59  6:38  Drone  
  61  6:40  Drone x4  
  61  6:41  Mutalisk x3  
  61  6:43  Overlord  
  61  6:44  Overlord  
  61  6:47  Spore Crawler, Zerg Flyer Weapons Level 1  
  70  6:52  Mutalisk  
  71  6:54  Drone x2  
  71  7:01  Mutalisk  
  73  7:04  Drone  
  76  7:10  Corruptor  
  76  7:13  Queen  
  76  7:14  Extractor  
  76  7:15  Drone  
  80  7:30  Mutalisk x2  
  80  7:33  Drone, Overlord  
  84  7:41  Drone x2  
  84  7:44  Hatchery  
  85  7:49  Queen  
  79  8:05  Queen  
  81  8:06  Mutalisk x4  
  81  8:09  Drone x3  
  92  8:19  Extractor  
  91  8:26  Corruptor  
  93  8:41  Zerg Flyer Armor Level 1  
  92  8:48  Corruptor x3  
  91  8:52  Overlord x5  
  91  8:53  Overlord x3  
  97  9:02  Drone x6  
  103  9:11  Corruptor  
  103  9:13  Overlord x2  
  93  9:49  Corruptor  
  93  9:50  Corruptor x5  
  93  9:51  Drone x2  
  93  9:52  Drone x6  
  111  10:02  Corruptor x2  
  111  10:04  Drone  
  111  10:05  Drone  
  117  10:13  Infestation Pit  
  116  10:14  Corruptor  
  118  10:24  Drone x3  
  118  10:26  Spore Crawler  
  120  10:29  Corruptor x2  
  120  10:30  Corruptor  
  120  10:34  Drone x3  
  129  10:36  Drone  
  130  10:50  Drone  
  130  10:54  Spore Crawler  
  130  11:00  Corruptor  
  130  11:01  Extractor  
  130  11:02  Extractor, Drone x2  
  130  11:03  Drone  
  133  11:27  Hatchery, Mutalisk x3  
  133  11:28  Mutalisk x2  
  133  11:31  Hatchery  
  133  11:32  Mutalisk x4  
  145  11:33  Overlord x3  
  145  11:34  Overlord  
  149  11:48  Corruptor x3  
  149  11:50  Drone x3  
  148  12:16  Corruptor x3  
  148  12:17  Corruptor x2  
  148  12:18  Drone x2  
  160  12:26  Drone  
  161  12:36  Mutalisk x3  
  167  12:38  Zergling x10  
  167  12:39  Zergling x14  
  167  12:40  Drone x2  
  181  12:52  Spore Crawler  
  181  12:54  Corruptor x4  
  184  13:14  Drone x7  
  184  13:15  Drone x2  
  184  13:17  Hive  
  184  13:18  Zerg Flyer Weapons Level 2  
  193  13:20  Hatchery  
  192  13:28  Hatchery  
  192  13:33  Hatchery  
  171  14:13  Corruptor x6  
  171  14:14  Mutalisk x3  
  171  14:15  Drone  
  171  14:16  Drone x8  
  182  14:36  Mutalisk x6  
  182  14:37  Mutalisk x2  
  170  15:08  Mutalisk x6  
  170  15:10  Drone x6  
  170  15:13  Zergling x6  
  191  15:27  Zergling x2  
  191  15:28  Zergling x8  
Show
View Real Time Build Order
Export as new Build Order

Massa Terran - Winner!

Build Orders: Gas First Reaper Expand 

Get SALT Encoding   

  12  0:00  SCV  
  13  0:12  SCV  
  14  0:24  SCV  
  14  0:25  Supply Depot  
  15  0:35  Refinery  
  15  0:46  SCV  
  15  0:48  Barracks  
  16  0:59  SCV  
  17  1:11  SCV  
  18  1:23  SCV  
  19  1:35  Orbital Command  
  19  1:36  Reaper  
  20  1:45  Command Center  
  20  2:01  SCV  
  21  2:08  Marine  
  22  2:18  Factory  
  22  2:21  SCV  
  23  2:28  Supply Depot  
  23  2:45  Supply Depot  
  23  2:46  Supply Depot  
  23  2:48  Engineering Bay  
  23  2:50  SCV  
  24  2:51  Barracks Tech Lab  
  24  2:55  Supply Depot  
  24  3:10  Supply Depot  
  24  3:19  Marine  
  25  3:35  Orbital Command  
  25  3:36  SCV  
  25  3:37  Marine  
  26  3:43  Missile Turret  
  26  3:46  Missile Turret  
  26  3:48  SCV  
  27  3:55  Marine  
  28  3:56  Factory Tech Lab  
  28  4:00  Stimpack  
  28  4:03  Barracks, Missile Turret  
  28  4:06  SCV x2  
  30  4:13  Marine  
  31  4:18  Cyclone, SCV x2  
  36  4:25  Missile Turret  
  36  4:30  SCV  
  36  4:31  SCV, Marine  
  39  4:43  SCV x2  
  41  4:48  Marine  
  41  4:52  Barracks Reactor  
  42  4:55  Cyclone  
  45  5:01  Refinery  
  45  5:03  Command Center  
  45  5:05  Refinery  
  45  5:08  Barracks  
  45  5:11  Barracks  
  45  5:18  Missile Turret  
  45  5:25  Terran Infantry Weapons Level 1  
  45  5:33  Refinery  
  45  5:35  SCV  
  46  5:36  SCV  
  46  5:40  Marine x2  
  46  5:42  Marauder, Combat Shield  
  51  5:47  SCV  
  51  5:48  SCV  
  53  5:55  Starport  
  53  5:57  Marine  
  53  5:58  Barracks Reactor, Marine  
  53  5:59  SCV  
  53  6:00  SCV  
  53  6:01  Barracks Reactor  
  57  6:11  SCV  
  54  6:41  Missile Turret  
  54  6:44  Missile Turret x2  
  54  6:46  Marine  
  54  6:47  Marine x6  
  54  6:51  Sensor Tower  
  54  6:52  Orbital Command  
  61  7:01  Cyclone, Concussive Shells  
  64  7:04  Marine  
  64  7:05  Marine x3  
  68  7:20  Terran Infantry Armor Level 1, Command Center, SCV  
  69  7:26  SCV  
  70  7:32  SCV, Medivac  
  70  7:33  Cyclone  
  76  7:38  SCV  
  77  8:05  Marine  
  78  8:13  Supply Depot x2  
  78  8:14  Supply Depot  
  78  8:16  Supply Depot x3  
  78  8:17  Supply Depot x2  
  78  8:18  Starport Reactor  
  78  8:31  Marine x6  
  78  8:32  Marauder  
  86  8:36  Supply Depot  
  86  8:49  Marine x4  
  86  8:53  Marauder  
  92  9:05  Viking  
  92  9:06  Viking  
  96  9:10  Armory  
  96  9:15  Marauder  
  98  9:22  Widow Mine  
  98  9:23  Marine  
  98  9:24  Marine x5  
  102  9:26  SCV  
  102  9:27  SCV  
  108  9:35  Viking  
  108  9:36  Viking  
  112  9:38  SCV  
  112  9:39  SCV  
  112  9:44  Widow Mine  
  116  9:49  Engineering Bay  
  116  9:51  SCV x2  
  118  9:53  Missile Turret  
  118  9:56  Missile Turret  
  118  9:58  Orbital Command  
  118  10:03  SCV x2  
  122  10:07  Thor  
  122  10:14  Armory  
  126  10:15  SCV x2  
  126  10:19  Factory  
  128  10:26  SCV  
  128  10:27  SCV x2  
  131  10:29  Marauder, Marine x2  
  131  10:30  Marine x4  
  139  10:38  SCV  
  139  10:39  SCV x2  
  139  10:42  Factory  
  142  10:47  Sensor Tower  
  142  10:50  SCV  
  142  10:51  SCV, Marauder  
  142  10:52  SCV  
  147  11:06  Missile Turret  
  147  11:08  Refinery  
  147  11:11  Command Center  
  147  11:12  Marauder  
  149  11:31  Marine x3  
  149  11:32  Marine  
  143  11:33  Marauder  
  145  11:43  Refinery, Factory Tech Lab, Thor  
  145  11:45  Factory Tech Lab  
  151  11:48  Smart Servos  
  151  11:50  Terran Infantry Armor Level 2, Terran Infantry Weapons Level 2  
  151  11:53  Terran Vehicle And Ship Armor Level 1, Terran Vehicle Weapons Level 1  
  151  11:55  Marauder  
  153  12:04  Thor x2  
  165  12:19  Supply Depot  
  165  12:20  Supply Depot  
  165  12:22  Marine x6  
  173  12:23  Marauder, Supply Depot x2  
  173  12:26  Thor  
  179  12:40  Marine x2  
  179  12:42  Marine  
  179  12:43  Sensor Tower, Marine x2  
  186  12:44  Marauder  
  186  12:46  Supply Depot  
  186  12:47  Thor  
  192  12:57  Viking x2  
  196  13:03  Orbital Command, Missile Turret  
  198  13:05  Marauder  
  198  13:06  SCV x2  
  200  13:23  Missile Turret  
  200  13:44  Missile Turret  
  200  13:47  Thor  
  183  15:14  Medivac x2  
Show
View Real Time Build Order
Export as new Build Order

DTempler Protoss 

Build Orders: Carriers 

Get SALT Encoding   

  12  0:00  Probe  
  13  0:13  Probe  
  14  0:17  Pylon  
  14  0:25  Probe  
  15  0:37  Probe, Gateway  
  16  0:44  Assimilator  
  16  0:52  Probe, Assimilator  
  17  1:04  Probe (Chrono Boost)  
  18  1:15  Probe (Chrono Boost)  
  19  1:20  Probe (Chrono Boost)  
  19  1:24  Cybernetics Core  
  20  1:31  Pylon  
  20  1:32  Probe  
  21  1:44  Probe  
  22  2:10  Nexus  
  22  2:14  Stargate  
  22  2:21  Probe  
  23  2:27  Pylon  
  23  2:33  Probe  
  24  2:44  Stargate  
  24  2:52  Void Ray (Chrono Boost)  
  24  2:54  Probe  
  29  3:06  Probe  
  29  3:25  Void Ray (Chrono Boost)  
  27  3:32  Probe (Chrono Boost)  
  27  3:33  Probe (Chrono Boost)  
  32  3:44  Probe (Chrono Boost)  
  32  3:45  Probe (Chrono Boost)  
  32  3:47  Void Ray (Chrono Boost)  
  34  3:51  Probe x2 (Chrono Boost)  
  40  3:58  Probe  
  40  3:59  Probe  
  42  4:07  Void Ray (Chrono Boost)  
  42  4:10  Probe  
  42  4:11  Probe  
  48  4:35  Void Ray (Chrono Boost)  
  52  4:51  Probe  
  52  4:52  Probe  
  54  5:07  Pylon  
  54  5:08  Pylon  
  54  5:11  Assimilator  
  54  5:13  Assimilator  
  54  5:19  Stargate  
  54  5:22  Pylon  
  54  5:25  Probe  
  54  5:26  Probe  
  56  5:38  Probe x2  
  58  5:50  Probe x2  
  60  6:01  Void Ray x3  
  60  6:02  Probe x2  
  74  6:14  Probe  
  67  6:36  Probe x2 (Chrono Boost)  
  69  6:41  Nexus  
  69  6:43  Assimilator  
  69  6:46  Fleet Beacon  
  70  6:47  Probe (Chrono Boost), Assimilator  
  70  6:49  Cybernetics Core, Forge  
  70  6:52  Pylon  
  70  6:55  Pylon  
  70  7:18  Probe x2  
  72  7:28  Carrier x3 (Chrono Boost)  
  72  7:30  Probe x2  
  92  7:42  Probe  
  69  8:08  Probe x3  
  72  8:13  Protoss Shields Level 1  
  72  8:15  Anion Pulse-Crystals (Chrono Boost)  
  72  8:20  Probe  
  72  8:25  Phoenix x2, Protoss Air Armor Level 1, Protoss Air Weapons Level 1  
  77  8:31  Phoenix  
  76  8:44  Phoenix x2  
  75  8:48  Phoenix  
  81  9:05  Probe  
  82  9:20  Probe x3  
  85  9:32  Probe x2  
  85  9:42  Phoenix x2  
  85  9:56  Probe  
  85  9:57  Mothership (Chrono Boost)  
  94  10:01  Carrier (Chrono Boost)  
  100  10:16  Carrier (Chrono Boost)  
  106  10:24  Pylon x2  
  106  10:25  Pylon  
  106  10:26  Pylon  
  106  10:27  Pylon  
  106  10:29  Nexus  
  106  10:30  Assimilator  
  106  10:31  Assimilator  
  106  10:32  Pylon  
  106  10:33  Pylon  
  106  10:34  Pylon  
  106  10:42  Carrier (Chrono Boost)  
  112  10:52  Stargate  
  112  10:54  Stargate  
  114  11:04  Probe x2 (Chrono Boost)  
  114  11:14  Probe (Chrono Boost)  
  99  11:23  Protoss Air Weapons Level 2  
  97  11:26  Protoss Air Armor Level 2  
  97  11:32  Probe  
  98  11:43  Probe  
  87  12:13  Void Ray x5  
  101  12:26  Probe x3  
  104  12:38  Probe x3  
  107  12:48  Twilight Council  
  107  12:50  Probe x3  
  99  13:19  Nexus  
  99  13:24  Nexus  
  99  13:36  Flux Vanes  
  99  13:38  Carrier x3  
  113  14:23  Probe  
  114  14:35  Probe  
  115  14:47  Probe  
  84  14:59  Probe  
  57  15:11  Probe  
Show
View Real Time Build Order
Export as new Build Order

Weggal Zerg 

Build Orders: Hatch First 

Get SALT Encoding   

  12  0:00  Drone  
  13  0:18  Overlord  
  13  0:19  Drone  
  14  0:36  Drone x2  
  16  0:58  Drone, Hatchery  
  16  1:00  Drone  
  16  1:02  Drone  
  18  1:12  Extractor  
  18  1:18  Spawning Pool  
  16  1:20  Drone  
  17  1:26  Drone  
  18  1:33  Drone  
  19  1:45  Drone  
  20  1:55  Drone  
  21  2:09  Queen  
  21  2:10  Queen  
  21  2:12  Zergling x2  
  26  2:18  Zergling x2  
  27  2:27  Metabolic Boost  
  27  2:43  Drone x2  
  28  3:11  Overlord  
  28  3:12  Overlord  
  28  3:20  Hatchery  
  27  3:29  Queen x2  
  27  3:32  Drone x3  
  27  3:33  Drone x2  
  36  3:57  Drone x3  
  36  3:58  Drone  
  36  3:59  Drone x2  
  41  4:04  Overlord  
  42  4:15  Zergling x2  
  28  4:32  Drone  
  28  4:35  Zergling x2  
  28  4:36  Zergling x8  
  25  4:49  Zergling x4  
  20  5:00  Zergling x4  
  20  5:06  Drone x2  
  24  5:20  Drone  
  24  5:21  Drone  
  26  5:36  Lair  
  26  5:40  Drone x4, Evolution Chamber  
  29  5:48  Drone x4  
  29  5:49  Queen  
  35  5:59  Drone  
  35  6:00  Drone  
  34  6:24  Drone x7, Queen  
  43  6:59  Evolution Chamber  
  42  7:06  Roach Warren  
  41  7:11  Evolution Chamber  
  40  7:17  Drone x11, Spine Crawler  
  50  7:26  Zerg Ground Armor Level 1  
  50  7:38  Zerg Missile Weapons Level 1  
  50  8:07  Hydralisk Den  
  50  8:10  Hatchery  
  48  8:15  Overlord x4  
  48  8:33  Queen  
  44  8:52  Hydralisk  
  44  8:54  Overlord  
  44  8:55  Overlord  
  46  9:02  Hydralisk  
  48  9:17  Extractor  
  48  9:21  Extractor  
  48  9:22  Extractor, Drone x6  
  48  9:23  Drone x12  
  56  9:31  Spore Crawler  
  56  9:32  Spore Crawler  
  54  9:50  Drone x8  
  54  9:51  Drone x3  
  65  10:00  Drone  
  65  10:02  Hydralisk x2  
  65  10:06  Queen  
  72  10:13  Drone x5  
  77  10:19  Infestation Pit  
  76  10:23  Hydralisk x2  
  76  10:24  Extractor  
  79  10:42  Hydralisk  
  79  10:43  Hydralisk x2, Roach x2  
  89  11:03  Hydralisk x2  
  89  11:04  Roach x2  
  97  11:42  Overlord x3  
  97  11:43  Overlord x2  
  97  11:44  Overlord  
  97  11:45  Overlord x2  
  97  11:49  Extractor  
  96  11:58  Hydralisk  
  96  12:00  Overlord x2  
  96  12:01  Infestor  
  100  12:21  Hydralisk, Infestor  
  100  12:22  Hydralisk x3  
  108  12:23  Hydralisk x9  
  128  12:36  Hydralisk x2  
  128  12:37  Hydralisk, Roach  
  136  12:55  Hive  
  135  13:36  Hydralisk x2, Overlord x3  
  135  13:37  Hydralisk x3, Roach x2  
  135  13:38  Hydralisk, Roach x4  
  152  14:06  Hydralisk x3, Roach  
  152  14:07  Roach x3  
  166  14:15  Infestor x2  
  170  14:31  Zergling x4  
  100  14:51  Hydralisk  
  100  14:52  Hydralisk x3, Roach x3  
  112  14:53  Roach  
  116  15:20  Hydralisk x2  
  116  15:21  Hydralisk x5  
Tags
 
Add a new tag
Caveats
  • Supply blocks, unpowered buildings, or Contaminate may cause inaccurate times.
  • Supply counts are checked every 10 seconds.